 Dungeon Crawl Stone Soup version 0.29.0-5-ge4962eb29e (webtiles) character file.

Game seed: 13981173113476100847

415 xian the Slasher (level 6, -13/53 HPs)
             Began as a Draconian Chaos Knight on Aug 28, 2022.
             Was a Plaything of Xom.
             Mangled by a small abomination (17 damage)
             ... on level 4 of the Dungeon.
             The game lasted 00:14:07 (4954 turns).

xian the Slasher (Draconian Chaos Knight)           Turns: 4954, Time: 00:14:07

Health: -13/53     AC:  6    Str: 15 (16) XL:     6   Next: 60%
Magic:  6/6        EV: 12    Int: 16      God:    Xom [..*...]
Gold:   277        SH:  0    Dex: 11      Spells: 5/5 levels left

rFire   x . .      SeeInvis .   p - +3 sling
rCold   + . .      Faith    .   (no shield)
rNeg    . . .      Spirit   .   (body armour unavailable)
rPois   .          Reflect  .   (helmet restricted)
rElec   .          Harm     .   (no cloak)
rCorr   .          Rampage  .   (no gloves)
Will    .....                   (no boots)
Stlth   +.........              (no amulet)
HPRegen 0.17/turn               g - ring of ice
MPRegen 0.10/turn               h - +6 ring of intelligence

@: no status effects
A: AC +6, unfitting armour, cold-blooded, deterioration 1, dopey 1
a: Renounce Religion


You were on level 4 of the Dungeon.
You worshipped Xom.
You were a toy of Xom.
You visited 1 branch of the dungeon, and saw 4 of its levels.
You also visited: Ossuary.

You collected 277 gold pieces.

Inventory:

Hand Weapons
 a - a +0 falchion of chaos
 i - a +3 dagger of electrocution
 p - a +3 sling (weapon)
Missiles
 l - a javelin
 q - 5 atropa-tipped darts
Jewellery
 g - a ring of ice (left hand)
 h - a +6 ring of intelligence (right hand)
Wands
 j - a wand of flame (17)
 k - a wand of roots (6)
 r - a wand of quicksilver (7)
Scrolls
 d - a scroll of immolation
 n - a scroll of enchant weapon
 o - a scroll of amnesia
 t - a scroll of vulnerability
 u - a scroll of summoning {unknown}
 x - a scroll of poison {unknown}
 y - 2 scrolls of magic mapping
Potions
 c - 7 potions of heal wounds
 e - 3 potions of might
 m - 2 potions of resistance
 s - 2 potions of curing
 v - a potion of flight
 w - a potion of invisibility
 z - a potion of attraction
Miscellaneous
 b - a piece from Xom's chessboard (15/15)


   Skills:
 + Level 4.3 Fighting
 + Level 1.7(3.3) Short Blades
 + Level 4.3(4.5) Long Blades
 * Level 3.5 Ranged Weapons
 + Level 0.3 Throwing
 + Level 3.0 Dodging
 + Level 0.8 Stealth
 + Level 0.2 Evocations


You had 5 spell levels left.
You didn't know any spells.
Your spell library contained the following spells:

 Spells                   Type           Power      Damage    Failure   Level
 Freeze                   Ice            0%         1d3       26%         1
 Sting                    Tmut/Pois      0%         1d3       26%         1
 Poisonous Vapours        Pois/Air       0%         N/A       36%         2
 Conjure Flame            Conj/Fire      0%         6-21      58%         3
 Frozen Ramparts          Ice            0%         1d1       58%         3
 Ignite Poison            Fire/Tmut/Pois 0%         N/A       58%         3
 Hailstorm                Conj/Ice       0%         3d3       94%         4
 Olgreb's Toxic Radiance  Pois           0%         N/A       94%         4
 Sticky Flame             Conj/Fire      0%         2d3       94%         4


Dungeon Overview and Level Annotations

Branches:
Dungeon (4/15)            Ossuary (visited)
 Temple: D:4-7

Altars:
Xom

Shops:
D:1 :   D:3 [

Portals:
Abyss: D:4

Annotations:
D:4 1 transporter, RascalDebosk's ghost, novice HuNe


Innate Abilities, Weirdness & Mutations

Your plain brown scales are hard. (AC +6)
You cannot fit into any form of body armour.
You are cold-blooded and may be slowed by cold attacks.
Your body sometimes deteriorates upon taking damage.
You are dopey. (Int -2)


Message History

You hear a chilling moan.
The small abomination barely misses you.
You shoot a sling bullet.
The sling bullet hits the small abomination but does no damage.
The small abomination misses you.
A small abomination comes into view.
You shoot a sling bullet.
The sling bullet hits the small abomination but does no damage.
The small abomination misses you. The small abomination hits you!!
You shoot a sling bullet.
The sling bullet closely misses the small abomination.
The small abomination hits you!!
* * * LOW HITPOINT WARNING * * *
The small abomination barely misses you.
Unknown command.
The small abomination hits you but does no damage.
The small abomination attacks as you move away!
The small abomination hits you but does no damage.
RascalDebosk's ghost hits you but does no damage.
You writhe in agony.
* * * LOW HITPOINT WARNING * * *
You see here 15 gold pieces.
Really walk into that dispersal trap?
You enter a dispersal trap!
RascalDebosk's ghost blinks!
The shadow imp blinks!
The small abomination blinks!
RascalDebosk's ghost blinks!
The quasit blinks!
The small abomination blinks!
The shadow imp blinks!
You blink.
The shadow imp barely misses you. RascalDebosk's ghost stares at you.
Blink to where?
Press: ? - help, Dir - move target, p - small abomination
As you read the scroll of blinking, it crumbles to dust.
The quasit enters a dispersal trap!
The small abomination blinks!
The shadow imp blinks!
The small abomination blinks!
You blink.
The quasit blinks!
The small abomination hits you!
You die... "Leave my toy alone!"
Xom revives you! The small abomination hits you!
You die...
Xom roars with laughter!

# ###....................##. #
#.........##...........##. #
#.#......####....###...#.. #
#.#...####g.##..##x#...#.. #
#....##..x#.x#..#..#...#..
#.#..#.###x.##..##.##..)..
#....##.#####...##.§#.....
###.....##..#....##.###.)###
#...#...##x@##.###§..##.)# #
#.##...####^.###..x###...###
#.##...#©...#§.§##©#©......#
#.#....##...##§:##W##....#..
#.#.#...##...#.$5.§.##..)###
####.#......#....####.#.##..# #
###....##....##...##..#..#.#..# #
<<...........#.?###...###.##..###
.##.######...####.......###......


You could see a small abomination and a quasit.

Vanquished Creatures
  Menkaure (Ossuary)
  3 orc priests
  3 mummies (Ossuary)
  2 adders (D:4)
  A worm (D:4)
  4 dart slugs
  14 orcs
  4 bats
  2 endoplasms
  4 giant cockroaches
  8 hobgoblins
  4 jackals
  4 quokkas
  5 ball pythons
  A frilled lizard (D:2)
  4 gnoll skeletons (Ossuary)
  4 gnoll zombies (Ossuary)
  7 goblins
  8 goblin skeletons (Ossuary)
  4 goblin zombies (Ossuary)
  3 hobgoblin skeletons (Ossuary)
  2 hobgoblin zombies (Ossuary)
  5 kobolds
  4 kobold skeletons (Ossuary)
  5 kobold zombies (Ossuary)
  3 orc skeletons (Ossuary)
  5 orc zombies (Ossuary)
  4 rats
  3 rat skeletons (Ossuary)
  5 rat zombies (Ossuary)
126 creatures vanquished.

Vanquished Creatures (collateral kills)
  An endoplasm (D:1)
  A quokka (D:1)
  A kobold (D:1)
3 creatures vanquished.

Vanquished Creatures (others)
  A hobgoblin zombie (D:1)
1 creature vanquished.

Grand Total: 130 creatures vanquished

Notes
Turn   | Place    | Note
-------+----------+-------------------------------------------
     0 | D:1      | xian the Draconian Chaos Knight began the quest for the
                  | Orb.
     0 | D:1      | Reached XP level 1. HP: 19/19 MP: 1/1
   106 | D:1      | Found a faded altar of an unknown god.
   221 | D:1      | XOM: divination: detect items
   386 | D:1      | XOM: noise
   392 | D:1      | Reached XP level 2. HP: 20/26 MP: 2/2
   498 | D:1      | XOM: noise
   640 | D:1      | XOM: scenery: summon butterflies
   763 | D:1      | XOM: scenery: create altars
   798 | D:1      | XOM: god gift: scroll labelled BYEPLEQIDU {god gift}
   896 | D:1      | Found Woedow's Book Emporium.
  1157 | D:2      | Reached XP level 3. HP: 33/33 MP: 3/3
  1527 | D:2      | XOM: god gift: wand of roots (6)
  1557 | D:2      | XOM: snakes to sticks
  1658 | D:2      | XOM: 5-stop teleportation journey
  1672 | D:2      | XOM: give mutations
  1672 | D:2      | Gained mutation: You are dopey. (Int -2) [Xom's mischief]
  1672 | D:2      | Gained mutation: Your body sometimes deteriorates upon
                  | taking damage. [Xom's mischief]
  1896 | D:2      | Identified the +0 robe of Failure {Int+2 Dex+2 Stlth+}
  2163 | D:3      | XOM: summons 2 hostile demons
  2278 | D:3      | Found Enomamoz's Antique Armour Shop.
  2609 | D:3      | Reached XP level 4. HP: 28/40 MP: 4/4
  2866 | D:3      | Reached skill level 1 in Short Blades
  2866 | D:3      | Reached XP level 5. HP: 20/46 MP: 5/5
  3124 | D:3      | XOM: cloud trail
  3247 | D:3      | XOM is BORED!
  3247 | D:3      | XOM: noise
  3291 | D:3      | XOM: silly message
  3371 | D:3      | XOM: silly message
  3407 | D:4      | XOM: god gift: runed sling {god gift}
  3418 | D:4      | Found a transporter.
  3435 | D:4      | Found a one-way gate to the infinite horrors of the Abyss.
  3435 | D:4      | Noticed RascalDebosk's ghost (novice HuNe)
  3444 | D:4      | Noticed an ancient zyme
  3446 | D:4      | XOM is BORED!
  3806 | D:4      | Found a sand-covered staircase.
  3817 | Ossuary  | Entered an ossuary
  4113 | Ossuary  | Reached skill level 1 in Ranged Weapons
  4137 | Ossuary  | XOM: cloud trail
  4212 | Ossuary  | Noticed Menkaure
  4220 | Ossuary  | XOM: swap monsters
  4223 | Ossuary  | Killed Menkaure
  4224 | Ossuary  | Reached XP level 6. HP: 37/53 MP: 6/6
  4527 | D:4      | XOM: god gift: 27 gold pieces
  4565 | D:4      | XOM: 10-stop teleportation journey
  4691 | D:4      | XOM: divination: magic mapping
  4836 | D:4      | Found a transporter.
  4886 | D:4      | XOM: silly message
  4953 | D:4      | Xom revived you
  4954 | D:4      | Mangled by a small abomination

Illustrated notes

Levels and vault maps discovered:
D:1:      saegor_arrival_simple_b, layout_basic,
          hellmonk_ecumenical_altar_arch_garden, serial_shops, shop
D:2:      layout_loops_ring
D:3:      layout_loops_cross, serial_shops, nicolae_shop_waterfront,
          item_on_display_a
D:4:      layout_loops_ring, gammafunk_ghost_abyssal_escape,
          nicolae_ossuary_entry_monument

Skill      XL: |  1  2  3  4  5 |
---------------+----------------+-----
Long Blades    | 4 |  4.3
Fighting       | 4 |  4.3
Short Blades   | 1 |  1.7
Dodging        | 3 |  3.0
Ranged Weapons | 3 |  3.5
Throwing       | |  0.3
Stealth        | |  0.8
Evocations     | |  0.2

Action                   |  1- 3 |  4- 6 || total
-------------------------+-------+-------++-------
Melee: Falchion          |   106 |       ||   106
       Tailslap          |    14 |     8 ||    22
       Dagger            |    38 |    37 ||    75
       Punch             |     1 |       ||     1
 Fire: Sling             |       |   182 ||   182
Throw: Javelin           |     5 |     5 ||    10
Evoke: Piece from Xom's  |     3 |       ||     3
  Use: Scroll            |    10 |     7 ||    17
       Potion            |     1 |       ||     1
 Stab: Paralysed         |     1 |       ||     1
       Confused          |       |     2 ||     2
Armor: Skin              |    53 |    26 ||    79
Dodge: Dodged            |    96 |    61 ||   157
